 Dungeon Crawl Stone Soup version 0.28.0 (webtiles) character file.

Game seed: 820133777881559800

17 Anon1729 the Insei (level 2, -1/18 HPs)
             Began as an Octopode Transmuter on Feb 15, 2022.
             Killed from afar by a dart slug (4 damage)
             ... with a slug dart
             ... on level 1 of the Dungeon.
             The game lasted 00:00:59 (640 turns).

Anon1729 the Insei (Octopode Transmuter)             Turns: 640, Time: 00:01:00

Health: -1/18      AC:  1    Str:  9    XL:     2   Next: 62%
Magic:  5/5        EV: 13    Int: 15    God:
Gold:   67         SH:  0    Dex: 12    Spells: 4/5 levels left

rFire   . . .      SeeInvis .     - Unarmed
rCold   . . .      Faith    .   (no shield)
rNeg    . . .      Spirit   .   (helmet restricted)
rPois   .          Reflect  .   (no amulet)
rElec   .          Harm     .   (no ring)
rCorr   .          Rampage  .   (no ring)
Will    .....                   (no ring)
Stlth   ++........              (no ring)
HPRegen 0.06/turn               (no ring)
MPRegen 0.09/turn               (no ring)
                                (no ring)
                                (no ring)

@: no status effects
A: almost no armour, amphibious, 8 rings, camouflage 1, gelatinous body 1,
(nimble swimmer 1), tentacles
a: no special abilities


You were on level 1 of the Dungeon.
You visited 1 branch of the dungeon, and saw 1 of its levels.

You collected 67 gold pieces.

Inventory:

Scrolls
 a - a scroll of teleportation {unknown}
 b - a scroll of identify {unknown}


   Skills:
 - Level 1.0 Fighting
 - Level 2.0 Dodging
 + Level 3.6 Unarmed Combat
 - Level 2.0 Spellcasting
 + Level 2.1 Transmutations
 + Level 0.4 Poison Magic
 + Level 0.2 Invocations


You had 4 spell levels left.
You knew the following spells:

 Your Spells              Type           Power      Damage    Failure   Level
a - Beastly Appendage     Tmut           14%        N/A       10%         1

Your spell library contained the following spells:

 Spells                   Type           Power      Damage    Failure   Level
 Wereblood                Tmut           7%         N/A       14%         2
 Spider Form              Tmut/Pois      5%         N/A       36%         3
 Ignite Poison            Fire/Tmut/Pois 4%         N/A       43%         3
 Mephitic Cloud           Conj/Pois/Air  1%         N/A       54%         3
 Ice Form                 Ice/Tmut       4%         N/A       82%         4
 Freezing Cloud           Conj/Ice/Air   0%         6-21      99%         5


Dungeon Overview and Level Annotations

Branches:
Dungeon (1/15)

Altars:


Innate Abilities, Weirdness & Mutations

You cannot wear most types of armour.
You are amphibious.
You can wear up to eight rings at the same time.
Your skin changes colour to match your surroundings (Stealth+).
Your rubbery body absorbs attacks. (AC +1, EV +1)
((You are camouflaged when in or above water. (Stealth+)))
You have tentacles for arms and can constrict up to eight enemies at once.


Message History

You tentacle-slap the hobgoblin but do no damage.
You constrict the hobgoblin. The bat closely misses you.
The hobgoblin hits you.
You tentacle-slap the hobgoblin.
The hobgoblin is severely wounded.
You constrict the hobgoblin. The hobgoblin barely misses you.
The dart slug bites you.
You are too injured to fight recklessly!
You are too injured to fight recklessly!
You are too injured to fight recklessly!
You are too injured to fight recklessly!
You are too injured to fight recklessly!
You are too injured to fight recklessly!
You are too injured to fight recklessly!
You are too injured to fight recklessly!
You release your grip on the hobgoblin.
The bat misses you. The hobgoblin barely misses you. The bat hits you.
The bat barely misses you.
You barely miss the endoplasm. You squeeze the endoplasm.
The endoplasm is almost dead.
The endoplasm jiggles.
You tentacle-slap the endoplasm.
You kill the endoplasm!
The bat hits you. x2
You barely miss the bat. You grab the bat.
You constrict the bat, but do no damage.
The bat barely misses you.
You tentacle-slap the bat but do no damage.
You constrict the bat. The bat hits you. The bat barely misses you.
You tentacle-slap the bat.
You kill the bat!
You barely miss the endoplasm. The endoplasm freezes you.
You are frozen.
* * * LOW HITPOINT WARNING * * *
There is an open door here.
The dart slug launches a dart at you. The slug dart hits you.
You die...

#
#..#..#.#.##.......#gw.........
#.......#.##....g..#...........
#.......#.##.....†.#...........
#.......#.##..w#####...........
#.......#.##...'...#...........
#.#######.##...###g##..........
#.#######.###......##.........)
..............J..######+#....
#########.###.@#...##.........
#.........# #..#...##........#
#.####..### #..#...##......#
#..# ...#....+......#
####..###.##.#..###......##..
#..........#.#..##.#........>
#.#..####..#.#.....#.########
.. #........#.##^##.#.#
.######)######.#.....#.#


You could see a dart slug, an endoplasm and a hobgoblin.

Vanquished Creatures
  A dart slug (D:1)
  3 ball pythons (D:1)
  An endoplasm (D:1)
  2 giant cockroaches (D:1)
  A goblin (D:1)
  2 jackals (D:1)
  3 bats (D:1)
  A kobold (D:1)
  A rat (D:1)
15 creatures vanquished.

Notes
Turn   | Place    | Note
-------+----------+-------------------------------------------
     0 | D:1      | Anon1729 the Octopode Transmuter began the quest for the
                  | Orb.
     0 | D:1      | Reached XP level 1. HP: 13/13 MP: 3/3
   288 | D:1      | Reached XP level 2. HP: 13/18 MP: 5/5
   640 | D:1      | Killed from afar by a dart slug

Illustrated notes

Levels and vault maps discovered:
D:1:      heliophobic_arrival_henge, layout_basic

Action                   || total
-------------------------++-------
Melee: Unarmed           ||    42
       Constrict         ||    10
       Tentacles         ||     9
       Punch             ||     2
 Stab: Sleeping          ||     2
Armor: Skin              ||     1
Dodge: Dodged            ||    28
